TOP OF THE 1ST |
Princeton Rays batting - Pitching for Oakland (APP) Athletics : RHP Aaron Vallejo
|
Pitching: RHP Aaron Vallejo
|
|
Batting: LHB Jonathan Spino
|
0-0: Called Strike 0-1: Foul Ball, location: 2F 0-2: Hit by Pitch
|
Batting: SHB Joshua Jackson
|
0-0: Called Strike Jonathan Spino is caught stealing 2nd base 2-6 0-1: Ball 1-1: Ball 2-1: Fly out, F8 (Line Drive, 8LD, EV 94.4 MPH)
|
Batting: RHB Alex Diaz
|
0-0: Swinging Strike 0-1: Swinging Strike 0-2: Foul Ball, location: 2F 0-2: Foul Ball, location: 2F 0-2: Ball 1-2: Foul Ball, location: 2F 1-2: Foul Ball, location: 2F 1-2: Ball 2-2: Ball 3-2: Ground out 4-3 (Groundball, 4, EV 88.1 MPH)
|
Top of the 1st over - 0 runs, 0 hits, 0 errors, 0 left on base; Princeton 0 - Oakland (APP) 0 |
BOTTOM OF THE 1ST |
Oakland (APP) Athletics batting - Pitching for Princeton Rays : RHP Chris Harman
|
Pitching: RHP Chris Harman
|
|
Batting: LHB Tomas Segarra
|
0-0: Ball 1-0: Foul Ball, location: 2F 1-1: Ground out 4-3 (Groundball, 4, EV 79.4 MPH)
|
Batting: RHB Matt Sherard
|
0-0: Called Strike 0-1: Ball 1-1: Ball 2-1: Fly out, F8 (Flyball, 89M, EV 90.6 MPH)
|
Batting: LHB Gregg Power
|
0-0: Ball 1-0: Ball 2-0: Ground out 4-3 (Groundball, 4D, EV 105.0 MPH)
|
Bottom of the 1st over - 0 runs, 0 hits, 0 errors, 0 left on base; Princeton 0 - Oakland (APP) 0 |
TOP OF THE 2ND |
Princeton Rays batting - Pitching for Oakland (APP) Athletics : RHP Aaron Vallejo
|
Batting: LHB Oscar Curiel
|
0-0: Ball 1-0: Ball 2-0: Called Strike 2-1: Ground out U3 (Groundball, 3L, EV 107.5 MPH)
|
Batting: LHB Dave Northam
|
0-0: Called Strike 0-1: Swinging Strike 0-2: Strikes out looking
|
Batting: RHB John Downing
|
0-0: Ball 1-0: Fly out, F4 (Line Drive, 4, EV 71.9 MPH)
|
Top of the 2nd over - 0 runs, 0 hits, 0 errors, 0 left on base; Princeton 0 - Oakland (APP) 0 |
BOTTOM OF THE 2ND |
Oakland (APP) Athletics batting - Pitching for Princeton Rays : RHP Chris Harman
|
Batting: LHB Tom Raupp
|
0-0: Ball 1-0: Ball 2-0: Ball 3-0: Base on Balls
|
Batting: RHB Moses Brokken
|
0-0: Fly out, F3 (Popup, 23F, EV 83.1 MPH)
|
Batting: RHB Shannon Beck
|
0-0: Called Strike Tom Raupp steals 2nd, throwing error, E2 Tom Raupp to third 0-1: Fly out, F8 (Flyball, 8RXD, EV 90.0 MPH) Runner from 3rd tags up, SCORES, no throw by CF
|
Batting: RHB Zack DiCicco
|
0-0: Ground out 1-3 (Groundball, 25, EV 68.8 MPH)
|
Bottom of the 2nd over - 1 run, 0 hits, 1 error, 0 left on base; Princeton 0 - Oakland (APP) 1 |
TOP OF THE 3RD |
Princeton Rays batting - Pitching for Oakland (APP) Athletics : RHP Aaron Vallejo
|
Batting: LHB Sean Banks
|
0-0: Ground out 4-3 (Groundball, 4, EV 82.5 MPH)
|
Batting: RHB Roberto Aispuro
|
0-0: Fly out, F8 (Line Drive, 8LS, EV 91.9 MPH)
|
Batting: RHB Jim Erdody
|
0-0: Ball 1-0: Ball 2-0: Ball 3-0: Called Strike 3-1: Foul Ball, location: 2F 3-2: Strikes out swinging
|
Top of the 3rd over - 0 runs, 0 hits, 0 errors, 0 left on base; Princeton 0 - Oakland (APP) 1 |
BOTTOM OF THE 3RD |
Oakland (APP) Athletics batting - Pitching for Princeton Rays : RHP Chris Harman
|
Batting: RHB Marcus Kressley
|
0-0: Ball 1-0: Ball 2-0: Ball 3-0: Called Strike 3-1: Base on Balls
|
Batting: RHB Antonio Olivares
|
0-0: Foul Ball, location: 2F 0-1: Foul Ball, location: 2F 0-2: Ball 1-2: Foul Ball, location: 2F 1-2: Ball 2-2: Foul Ball, location: 2F 2-2: Ball 3-2: Foul Ball, location: 2F 3-2: Base on Balls Marcus Kressley to second
|
Batting: LHB Tomas Segarra
|
0-0: Ball 1-0: Ball 2-0: Foul Ball, location: 2F 2-1: Ball 3-1: Swinging Strike 3-2: Base on Balls Marcus Kressley to third Antonio Olivares to second
|
Batting: RHB Matt Sherard
|
0-0: Called Strike 0-1: Ball 1-1: Fielders Choice at 2nd, 4-6 (Groundball, 4, EV 80.0 MPH) Marcus Kressley scores Antonio Olivares to third
|
Batting: LHB Gregg Power
|
0-0: Called Strike Matt Sherard is caught stealing 2nd base 2-6 0-1: Swinging Strike 0-2: Ground out U3 (Groundball, 3, EV 89.4 MPH)
|
Bottom of the 3rd over - 1 run, 0 hits, 0 errors, 1 left on base; Princeton 0 - Oakland (APP) 2 |
TOP OF THE 4TH |
Princeton Rays batting - Pitching for Oakland (APP) Athletics : RHP Aaron Vallejo
|
Batting: LHB Jonathan Spino
|
0-0: Called Strike 0-1: Called Strike 0-2: Ball 1-2: Ball 2-2: Ball 3-2: Strikes out looking
|
Batting: SHB Joshua Jackson
|
0-0: Ball 1-0: Called Strike 1-1: Ball 2-1: Foul Ball, location: 2F 2-2: Ball 3-2: Foul Ball, location: 2F 3-2: Foul Ball, location: 2F 3-2: Strikes out looking
|
Batting: RHB Alex Diaz
|
0-0: Ball 1-0: Foul Ball, location: 2F 1-1: SINGLE (Groundball, 56, EV 105.0 MPH)
|
Batting: LHB Oscar Curiel
|
0-0: Fielders Choice at 2nd, 5-4 (Groundball, 5, EV 86.9 MPH)
|
Top of the 4th over - 0 runs, 1 hit, 0 errors, 1 left on base; Princeton 0 - Oakland (APP) 2 |
BOTTOM OF THE 4TH |
Oakland (APP) Athletics batting - Pitching for Princeton Rays : RHP Chris Harman
|
Batting: LHB Tom Raupp
|
0-0: Ball 1-0: Ball 2-0: SOLO HOME RUN (Flyball, 9LD, EV 93.8 MPH), Distance : 340 ft
|
Batting: RHB Moses Brokken
|
0-0: Ball 1-0: Called Strike 1-1: Ball 2-1: Foul Ball, location: 2F 2-2: DOUBLE (Line Drive, 9LM, EV 93.8 MPH)
|
Batting: RHB Shannon Beck
|
0-0: Ball 1-0: Called Strike 1-1: Foul Ball, location: 2F 1-2: Strikes out swinging
|
Batting: RHB Zack DiCicco
|
0-0: Ball 1-0: Ball 2-0: Called Strike 2-1: Fly out, F9 (Flyball, 89D, EV 93.1 MPH) Runner from 2nd tags up, SAFE at 3rd, no throw by RF
|
Batting: RHB Marcus Kressley
|
0-0: Foul Ball, location: 2F 0-1: Ball 1-1: Fly out, F9 (Line Drive, 9LM, EV 88.8 MPH)
|
Bottom of the 4th over - 1 run, 2 hits, 0 errors, 1 left on base; Princeton 0 - Oakland (APP) 3 |
TOP OF THE 5TH |
Princeton Rays batting - Pitching for Oakland (APP) Athletics : RHP Aaron Vallejo
|
Batting: LHB Dave Northam
|
0-0: Ball 1-0: Ball 2-0: Called Strike 2-1: Swinging Strike 2-2: Strikes out looking
|
Batting: RHB John Downing
|
0-0: Fly out, F8 (Flyball, 8LM, EV 88.8 MPH)
|
Batting: LHB Sean Banks
|
0-0: Called Strike 0-1: Foul Ball, location: 2F 0-2: Foul Ball, location: 2F 0-2: Foul Ball, location: 2F 0-2: Strikes out looking
|
Top of the 5th over - 0 runs, 0 hits, 0 errors, 0 left on base; Princeton 0 - Oakland (APP) 3 |
BOTTOM OF THE 5TH |
Oakland (APP) Athletics batting - Pitching for Princeton Rays : RHP Chris Harman
|
Batting: RHB Antonio Olivares
|
0-0: Ball 1-0: Ball 2-0: SINGLE (Line Drive, 3D, EV 110.6 MPH)
|
Batting: LHB Tomas Segarra
|
0-0: Called Strike 0-1: Ball 1-1: Called Strike 1-2: Strikes out looking
|
Batting: RHB Matt Sherard
|
0-0: Ball 1-0: Fielders Choice at 2nd, 4-6 (Groundball, 34, EV 80.6 MPH)
|
Batting: LHB Gregg Power
|
0-0: Called Strike Matt Sherard steals 2nd base (no throw) 0-1: Ball 1-1: Swinging Strike 1-2: Foul Ball, location: 2F 1-2: Ball 2-2: Foul Ball, location: 2F 2-2: 2-RUN HOME RUN (Flyball, 78XD, EV 115.0 MPH), Distance : 422 ft
|
Batting: LHB Tom Raupp
|
0-0: SOLO HOME RUN (Flyball, 89XD, EV 103.8 MPH), Distance : 422 ft
|
Pitching: RHP Tim Inman
|
|
Batting: RHB Moses Brokken
|
0-0: Reached on error, E5 (Groundball, 56S, EV 88.8 MPH)
|
Batting: RHB Shannon Beck
|
0-0: Ball 1-0: Fielders Choice at 2nd, 5-4 (Groundball, 56, EV 105.6 MPH)
|
Bottom of the 5th over - 3 runs, 3 hits, 1 error, 1 left on base; Princeton 0 - Oakland (APP) 6 |
TOP OF THE 6TH |
Princeton Rays batting - Pitching for Oakland (APP) Athletics : RHP Aaron Vallejo
|
Batting: RHB Roberto Aispuro
|
0-0: Ball 1-0: Ball 2-0: Ball 3-0: Swinging Strike 3-1: Foul Ball, location: 2F 3-2: Strikes out swinging
|
Batting: RHB Jim Erdody
|
0-0: Foul Ball, location: 2F 0-1: Foul Ball, location: 2F 0-2: Ball 1-2: Ball 2-2: Foul Ball, location: 2F 2-2: Foul Ball, location: 2F 2-2: Foul Ball, location: 2F 2-2: Foul Ball, location: 2F 2-2: Strikes out swinging
|
Batting: LHB Jonathan Spino
|
0-0: Hit by Pitch
|
Pitching: LHP Alex Shannon
|
|
Batting: SHB Joshua Jackson
|
0-0: Ball Passed Ball! Jonathan Spino to second 1-0: Foul Ball, location: 2F 1-1: Ball 2-1: Foul Ball, location: 2F 2-2: Ground out 5-3 (Groundball, 56, EV 99.4 MPH)
|
Top of the 6th over - 0 runs, 0 hits, 0 errors, 1 left on base; Princeton 0 - Oakland (APP) 6 |
BOTTOM OF THE 6TH |
Oakland (APP) Athletics batting - Pitching for Princeton Rays : RHP Tim Inman
|
Batting: RHB Zack DiCicco
|
0-0: Ball 1-0: Swinging Strike 1-1: Swinging Strike 1-2: Ball 2-2: Foul Ball, location: 2F 2-2: Foul Ball, location: 2F 2-2: Strikes out swinging
|
Batting: RHB Marcus Kressley
|
0-0: Called Strike 0-1: SINGLE (Line Drive, 6MD, EV 107.5 MPH)
|
Batting: RHB Antonio Olivares
|
0-0: Ball 1-0: Called Strike 1-1: Foul Ball, location: 2F 1-2: Ball 2-2: Strikes out swinging
|
Batting: LHB Tomas Segarra
|
0-0: Foul Ball, location: 2F 0-1: Ball 1-1: Foul Ball, location: 2F 1-2: Ball 2-2: Foul Ball, location: 2F 2-2: Foul Ball, location: 2F 2-2: Ball 3-2: DOUBLE (Groundball, 5L, EV 97.5 MPH) Marcus Kressley to third Marcus Kressley scores
|
Batting: RHB Matt Sherard
|
0-0: Called Strike 0-1: Ball Passed Ball! Tomas Segarra to third 1-1: Ground out 5-3 (Groundball, 56S, EV 90.0 MPH)
|
Bottom of the 6th over - 1 run, 2 hits, 0 errors, 1 left on base; Princeton 0 - Oakland (APP) 7 |
TOP OF THE 7TH |
Princeton Rays batting - Pitching for Oakland (APP) Athletics : LHP Alex Shannon
|
Batting: RHB Alex Diaz
|
0-0: Called Strike 0-1: Foul Ball, location: 2F 0-2: Foul Ball, location: 2F 0-2: Ball 1-2: Foul Ball, location: 2F 1-2: Ball 2-2: Ground out 6-3 (Groundball, 6S, EV 63.1 MPH)
|
Batting: LHB Oscar Curiel
|
0-0: Foul Ball, location: 2F 0-1: Ball 1-1: Foul Ball, location: 2F 1-2: Foul Ball, location: 2F 1-2: Fly out, F7 (Flyball, 78M, EV 91.2 MPH)
|
Batting: LHB Dave Northam
|
0-0: SINGLE (Groundball, 5D, EV 110.6 MPH)
|
Batting: RHB John Downing
|
0-0: Called Strike 0-1: Swinging Strike 0-2: Ball 1-2: Fly out, F8 (Flyball, 78XD, EV 111.2 MPH)
|
Top of the 7th over - 0 runs, 1 hit, 0 errors, 1 left on base; Princeton 0 - Oakland (APP) 7 |
BOTTOM OF THE 7TH |
Oakland (APP) Athletics batting - Pitching for Princeton Rays : RHP Tim Inman
|
Batting: LHB Gregg Power
|
0-0: Ball 1-0: Foul Ball, location: 2F 1-1: Foul Ball, location: 2F 1-2: Foul Ball, location: 2F 1-2: Ball 2-2: Ground out 4-3 (Groundball, 34D, EV 92.5 MPH)
|
Batting: LHB Tom Raupp
|
0-0: Ball 1-0: Called Strike 1-1: Fly out, F7 (Flyball, 78M, EV 87.5 MPH)
|
Batting: RHB Moses Brokken
|
0-0: Foul Ball, location: 2F 0-1: Ball 1-1: Foul Ball, location: 2F 1-2: Foul Ball, location: 2F 1-2: Foul Ball, location: 2F 1-2: Ball 2-2: SOLO HOME RUN (Line Drive, 9D, EV 99.4 MPH), Distance : 371 ft
|
Batting: RHB Shannon Beck
|
0-0: Foul Ball, location: 2F 0-1: Swinging Strike 0-2: Ball 1-2: SOLO HOME RUN (Flyball, 89XD, EV 108.1 MPH), Distance : 407 ft
|
Batting: RHB Zack DiCicco
|
0-0: Ball 1-0: Ball 2-0: Ball 3-0: Base on Balls
|
Batting: RHB Marcus Kressley
|
0-0: SINGLE (Groundball, 56, EV 104.4 MPH) Zack DiCicco to second
|
Batting: RHB Antonio Olivares
|
0-0: Fielders Choice at 2nd, U4 (Groundball, 4M, EV 81.9 MPH)
|
Bottom of the 7th over - 2 runs, 3 hits, 0 errors, 2 left on base; Princeton 0 - Oakland (APP) 9 |
TOP OF THE 8TH |
Princeton Rays batting - Pitching for Oakland (APP) Athletics : LHP Alex Shannon
|
Batting: LHB Sean Banks
|
0-0: Swinging Strike 0-1: Foul Ball, location: 2F 0-2: Strikes out looking
|
Batting: RHB Roberto Aispuro
|
0-0: Foul Ball, location: 2F 0-1: Ball 1-1: Foul Ball, location: 2F 1-2: SINGLE (Groundball, 56S, EV 76.2 MPH) (infield hit)
|
Batting: RHB Jim Erdody
|
0-0: Foul Ball, location: 2F 0-1: Swinging Strike 0-2: Strikes out swinging
|
Pinch Hitting: RHB Bobby Ross
|
0-0: Foul Ball, location: 2F 0-1: Ball 1-1: Foul Ball, location: 2F 1-2: Foul Ball, location: 2F 1-2: Strikes out swinging
|
Top of the 8th over - 0 runs, 1 hit, 0 errors, 1 left on base; Princeton 0 - Oakland (APP) 9 |
BOTTOM OF THE 8TH |
Oakland (APP) Athletics batting - Pitching for Princeton Rays : RHP Tim Inman
|
Now in CF: Berthold Frey
|
|
Batting: LHB Tomas Segarra
|
0-0: Ball 1-0: Called Strike 1-1: Ball 2-1: Ball 3-1: Called Strike 3-2: Strikes out looking
|
Pinch Hitting: LHB Augustin Cormier
|
0-0: Ball 1-0: Ground out U3 (Groundball, 3, EV 91.9 MPH)
|
Batting: LHB Gregg Power
|
0-0: Ground out 4-3 (Groundball, 34D, EV 85.6 MPH)
|
Bottom of the 8th over - 0 runs, 0 hits, 0 errors, 0 left on base; Princeton 0 - Oakland (APP) 9 |
TOP OF THE 9TH |
Princeton Rays batting - Pitching for Oakland (APP) Athletics : LHP Alex Shannon
|
Now at 3B: Augustin Cormier
|
|
Batting: SHB Joshua Jackson
|
0-0: Ball 1-0: Ball 2-0: Ball 3-0: Base on Balls
|
Pitching: RHP Jesus Moreno
|
|
Pinch Hitting: RHB Jon Gonzales
|
0-0: Ball 1-0: Called Strike 1-1: Ball 2-1: Swinging Strike 2-2: Foul Ball, location: 2F 2-2: Foul Ball, location: 2F 2-2: Strikes out looking
|
Batting: LHB Oscar Curiel
|
0-0: Ball 1-0: Called Strike 1-1: Ball 2-1: Swinging Strike 2-2: Ball 3-2: Strikes out swinging Joshua Jackson steals 2nd base (no throw) Batter strikes out.
|
Pinch Hitting: RHB Octavio Cuevas
|
0-0: Foul Ball, location: 2F 0-1: Ball 1-1: Ground out 5-3 (Groundball, 56, EV 104.4 MPH)
|
Top of the 9th over - 0 runs, 0 hits, 0 errors, 1 left on base; Princeton 0 - Oakland (APP) 9 |
|